 Dungeon Crawl Stone Soup version 0.23-a0-350-g6fd5563 (webtiles) character file.

217 George the Slasher (level 5, 0/45 HPs)
             Began as a Minotaur Fighter on Oct 20, 2018.
             Slain by a river rat (5 damage)
             ... in a sewer.
             The game lasted 00:03:35 (2306 turns).

George the Slasher (Minotaur Fighter)               Turns: 2306, Time: 00:03:36

Health: 0/45       AC:  6    Str: 22    XL:     5   Next: 61%
Magic:  0/4        EV:  7    Int:  5    God:
Gold:   103        SH:  9    Dex:  9    Spells: 4/4 levels left

rFire    . . .     SeeInvis .   a - +1 long sword
rCold    . . .     Gourm    .   c - +0 shield
rNeg     . . .     Faith    .   b - +0 scale mail
rPois    .         Spirit   +   (helmet restricted)
rElec    .         Reflect  .   m - scarf {Spirit}
rCorr    .         Harm     .   (no gloves)
MR       .....                  (no boots)
Stlth    ..........             (no amulet)
HPRegen  0.15/turn              (no ring)
MPRegen  0.09/turn              (no ring)

@: no status effects
A: retaliatory headbutt, horns 2
a: no special abilities


You were in a sewer.
You were not hungry.

You visited 1 branch of the dungeon, and saw 3 of its levels.
You also visited: Sewer.

You collected 103 gold pieces.

Inventory:

Hand Weapons
 a - a +1 long sword (weapon)
 s - a cursed +0 rapier
Missiles
 o - 8 poisoned tomahawks (quivered)
 u - 2 javelins
Armour
 b - a +0 scale mail (worn)
 c - a +0 shield (worn)
 m - a scarf of spirit shield (worn)
Wands
 p - a wand of flame (23)
Scrolls
 j - a scroll of enchant weapon
 k - a scroll of teleportation
 n - a scroll of magic mapping
 q - a scroll of remove curse {unknown}
 v - 3 scrolls of immolation {unknown}
Potions
 d - 3 potions of might
 i - a potion of heal wounds
 l - 2 potions of haste {unknown}
 r - a potion of resistance {unknown}
 t - a potion of lignification {unknown}
 w - a potion of agility {unknown}
Comestibles
 f - 7 rations
 g - a chunk of flesh


   Skills:
 - Level 3.6 Fighting
 + Level 7.2 Long Blades
 - Level 3.6 Armour
 - Level 3.6 Shields


You had 4 spell levels left.
You didn't know any spells.
Your spell library was empty.

Dungeon Overview and Level Annotations

Branches:
Dungeon (3/15)

Altars:


Innate Abilities, Weirdness & Mutations

You reflexively headbutt those who attack you in melee.
You have a pair of horns on your head.


Message History

You block the river rat's attack. The river rat bites you.
You closely miss the river rat.
The river rat is severely wounded.
The river rat barely misses you. You block the river rat's attack.
You closely miss the river rat.
The river rat is severely wounded.
The river rat bites you. The river rat completely misses you.
You furiously retaliate!
You headbutt the river rat, but do no damage.
You closely miss the river rat. You headbutt the river rat.
The river rat is almost dead.
The river rat bites you but does no damage.
The river rat bites you.
* * * LOW HITPOINT WARNING * * *
You closely miss the river rat.
The river rat is almost dead.
The river rat bites you.
* * * LOW HITPOINT WARNING * * *
The river rat bites you.
You die...

≈≈≈≈#
#≈≈≈≈≈≈#
≈≈≈≈#
#≈≈≈≈≈≈#
≈≈≈≈#
#≈≈≈≈≈≈#
≈≈≈≈#
#≈≈≈≈≈≈#
≈≈≈≈#
#≈≈≈≈#≈#
≈≈≈≈#
#≈≈≈≈≈≈#
≈#≈≈#
#≈≈≈≈≈r#
≈≈≈≈#
#≈≈≈≈≈r#
≈#≈≈#
#≈≈≈≈r@#
#≈.≈#
#≈≈≈≈≈≈#
≈≈≈≈#
#≈≈≈≈≈≈#
≈≈≈≈#
#≈≈≈≈≈≈#
≈≈≈≈#
#≈≈≈≈#≈#
≈†≈≈#
#≈≈≈≈≈≈#
≈≈≈≈#
#≈≈≈≈≈≈#
≈...#
#..≈.≈.#
..÷.##
##......#


You could see 2 river rats and a rat.

Vanquished Creatures
  Natasha (D:2)
  Terence (D:2)
  Robin (D:2)
  7 adders
  3 river rats
  An ooze (Sewer)
  3 worms
  A dart slug (D:2)
  3 leopard geckos
  5 bats
  8 goblins
  4 hobgoblins
  4 jackals (D:2)
  6 kobolds
  A quokka (D:3)
  2 frilled lizards
  11 rats
62 creatures vanquished.

Vanquished Creatures (others)
  4 toadstools (D:1)
4 creatures vanquished.

Grand Total: 66 creatures vanquished

Notes
Turn   | Place    | Note
-------+----------+-------------------------------------------
     0 | D:1      | George the Minotaur Fighter began the quest for the Orb.
     0 | D:1      | Reached XP level 1. HP: 19/19 MP: 0/0
    59 | D:1      | Reached skill level 3 in Long Blades
    72 | D:1      | Reached XP level 2. HP: 13/26 MP: 1/1
   943 | D:2      | Reached skill level 4 in Long Blades
  1031 | D:2      | Noticed Terence
  1035 | D:2      | Killed Terence
  1035 | D:2      | Reached XP level 3. HP: 26/31 MP: 2/2
  1046 | D:2      | Reached skill level 5 in Long Blades
  1182 | D:2      | Noticed Robin
  1198 | D:2      | Killed Robin
  1198 | D:2      | Reached XP level 4. HP: 31/39 MP: 3/3
  1797 | D:2      | Noticed Natasha
  1800 | D:2      | Killed Natasha
  1800 | D:2      | Reached skill level 6 in Long Blades
  1963 | D:3      | Reached XP level 5. HP: 29/45 MP: 4/4
  2010 | D:3      | Found a glowing drain.
  2021 | Sewer    | Entered a sewer
  2259 | Sewer    | Reached skill level 7 in Long Blades
  2306 | Sewer    | Slain by a river rat

Vault maps used:
D:1:      ldierk_walled_garden_2, item_on_display_a
D:2:      uniq_terence, uniq_natasha, uniq_robin
D:3:      lightli_sewer_entry_pipes, dk_noncrumbling_4,
          nicolae_gozag_cash_rules_everything_around_me
Sewer:    sewer_minmay_w

Skill      XL: |  1  2  3  4  5 |
---------------+----------------+-----
Long Blades    | 3 4 5 6 7 |  7.2
Fighting       | |  3.6
Armour         | |  3.6
Shields        | |  3.6

Action                   |  1- 3 |  4- 6 || total
-------------------------+-------+-------++-------
Melee: Long sword        |    62 |    93 ||   155
       Headbutt          |     9 |    15 ||    24
Throw: Tomahawk          |     4 |     2 ||     6
  Use: Scroll            |       |     6 ||     6
  Eat: Chunk             |     1 |     4 ||     5
Armor: Scale mail        |    25 |    26 ||    51
Dodge: Dodged            |    26 |    31 ||    57
Block: Shield            |    33 |    45 ||    78
       Rpst.: Long sword |     9 |     5 ||    14

Table legend:
 A = Non-vault XP
 B = Vault XP
 C = Vault XP percentage of total XP
 D = Non-vault monster count
 E = Vault monster count
 F = Vault count percentage of total count
                 A         B        C        D         E       F
            +---------+---------+-------+---------+---------+-------
      Total |      87 |     223 |  71.9 |      33 |      29 |  46.8
            +---------+---------+-------+---------+---------+-------
        D:1 |      21 |       0 |   0.0 |      12 |       0 |   0.0
        D:2 |      57 |      92 |  61.7 |      17 |       9 |  34.6
        D:3 |       9 |      91 |  91.0 |       4 |      11 |  73.3
      Sewer |       0 |      40 | 100.0 |       0 |       9 | 100.0
            +---------+---------+-------+---------+---------+-------
